 Dungeon Crawl Stone Soup version 0.21.1-1-g345015f (webtiles) character file.

262 ChungusAmongUs the Slasher (level 5, -1/48 HPs)
             Began as a Minotaur Fighter on July 2, 2018.
             Slain by Grinder (6 damage)
             ... on level 3 of the Dungeon.
             The game lasted 00:09:00 (2187 turns).

ChungusAmongUs the Slasher (Minotaur Fighter)       Turns: 2187, Time: 00:09:01

Health: -1/48      AC: 12    Str: 21    XL:     5   Next: 97%
Magic:  4/4        EV:  3    Int:  5    God:
Gold:   122        SH:  9    Dex: 10    Spells: 4/4 levels left

rFire    . . .     SeeInvis .   a - +0 long sword
rCold    . . .     Gourm    .   c - +0 shield
rNeg     . . .     Faith    .   e - +0 plate armour
rPois    .         Spirit   .   (helmet restricted)
rElec    .         Reflect  .   (no cloak)
rCorr    .         Harm     .   (no gloves)
MR       .....                  t - +0 pair of boots
Stlth    ..........             (no amulet)
HPRegen  0.16/turn              (no ring)
MPRegen  0.09/turn              (no ring)

@: no status effects
A: retaliatory headbutt, horns 2
a: no special abilities


You were on level 3 of the Dungeon.
You were not hungry.

You visited 1 branch of the dungeon, and saw 3 of its levels.

You collected 122 gold pieces.

Inventory:

Hand Weapons
 a - a +0 long sword (weapon)
 v - a +0 mace
Missiles
 q - 80 stones (quivered)
 s - 9 tomahawks
Armour
 b - a +0 scale mail
 c - a +0 shield (worn)
 e - a +0 plate armour (worn)
 t - a +0 pair of boots (worn)
Jewellery
 w - an uncursed amulet of the gourmand {unknown}
Scrolls
 h - 2 scrolls of remove curse
 j - 2 scrolls of fog
 k - a scroll of enchant armour {unknown}
 m - a scroll of enchant weapon {unknown}
 o - a scroll of teleportation {unknown}
 r - a scroll of amnesia {unknown}
Potions
 d - a potion of might
 l - a potion of flight {unknown}
 n - a potion of invisibility {unknown}
 p - a potion of cancellation {unknown}
 u - a potion of curing {unknown}
 x - 2 potions of berserk rage {unknown}
Comestibles
 f - 3 rations
 g - a chunk of flesh


   Skills:
 + Level 5.5 Fighting
 * Level 6.3 Long Blades
 - Level 3.6 Armour
 - Level 3.6 Shields


You had 4 spell levels left.
You didn't know any spells.

Dungeon Overview and Level Annotations

Branches:
Dungeon (3/15)

Altars:

Annotations:
D:3 Grinder


Innate Abilities, Weirdness & Mutations

You reflexively headbutt those who attack you in melee.
You have a pair of horns on your head.


Message History

You hit Grinder but do no damage.
Grinder is lightly wounded.
Grinder hits you but does no damage.
You hit Grinder.
Grinder is moderately wounded.
Grinder blinks!
Grinder gestures at you. You resist with significant effort.
Grinder gestures at you.
You barely resist. You slash Grinder!
Grinder is heavily wounded.
You block Grinder's attack.
Your plate armour prevents you from hitting Grinder.
Grinder is heavily wounded.
Grinder barely misses you.
You hit Grinder.
Grinder is severely wounded.
Grinder hits you but does no damage. Grinder hits you.
You die...

#.# #...###.#. #.#
#...###.# #.#
#<....#.## #.#
##.........
##.#####......####
#..#........#..#
#.#..####...##..#
#######...## #####
#... ......5@###
##. ......(.#
.....(..#
....(...#
...(...## .......
..(.... .......


You could see Grinder.

Vanquished Creatures
  The ghost of lotte the Magician, an amateur DEWz (D:3)
  An orc wizard (D:2)
  An orc priest (D:3)
  Terence (D:1)
  4 adders
  An ooze (D:2)
  4 worms (D:2)
  4 dart slugs
  A leopard gecko (D:2)
  3 orcs (D:3)
  2 ball pythons (D:1)
  6 bats
  3 giant cockroaches
  5 goblins
  5 hobgoblins
  2 quokkas
  2 frilled lizards (D:2)
  2 kobolds (D:2)
  7 rats
55 creatures vanquished.

Notes
Turn   | Place    | Note
-------+----------+-------------------------------------------
     0 | D:1      | ChungusAmongUs the Minotaur Fighter began the quest for the Orb.
     0 | D:1      | Reached XP level 1. HP: 19/19 MP: 0/0
    75 | D:1      | Reached skill level 3 in Long Blades
    75 | D:1      | Reached XP level 2. HP: 24/27 MP: 1/1
   679 | D:2      | Noticed Terence
   689 | D:1      | Killed Terence
   689 | D:1      | Reached skill level 4 in Long Blades
   689 | D:1      | Reached XP level 3. HP: 25/33 MP: 2/2
  1145 | D:2      | Reached XP level 4. HP: 33/41 MP: 3/3
  1472 | D:2      | Reached skill level 5 in Long Blades
  1689 | D:3      | Noticed lotte's ghost (amateur DEWz)
  1942 | D:3      | Killed lotte's ghost
  1942 | D:3      | Reached skill level 5 in Fighting
  1942 | D:3      | Reached XP level 5. HP: 33/48 MP: 4/4
  1947 | D:2      | Reached skill level 6 in Long Blades
  2162 | D:3      | Noticed Grinder
  2170 | D:3      | Paralysed by Grinder for 3 turns
  2187 | D:3      | Slain by Grinder

Skill      XL: |  1  2  3  4  5 |
---------------+----------------+-----
Long Blades    | 3 4 5 6 |  6.3
Fighting       | 4 5 |  5.5
Armour         | |  3.6
Shields        | |  3.6

Action                   |  1- 3 |  4- 6 || total
-------------------------+-------+-------++-------
Melee: Long sword        |    87 |    97 ||   184
       Headbutt          |    16 |    14 ||    30
Throw: Stone             |    12 |    34 ||    46
  Use: Scroll            |       |     3 ||     3
  Eat: Chunk             |     1 |     2 ||     3
       Ration            |       |     1 ||     1
Armor: Scale mail        |    30 |       ||    30
       Plate armour      |    15 |    79 ||    94
Dodge: Dodged            |    21 |    13 ||    34
Block: Shield            |    43 |    59 ||   102
       Rpst.: Long sword |     2 |     1 ||     3
